 Dungeon Crawl Stone Soup version 0.22-a0-417-g1387785 (webtiles) character file.

5877 Nib the Cleaver (level 10, -8/97 HPs)
             Began as a Minotaur Chaos Knight on May 14, 2018.
             Mangled by Urug the snapping turtle (21 damage)
             ... on level 10 of the Dungeon.
             The game lasted 00:32:17 (11076 turns).

Nib the Cleaver (Minotaur Chaos Knight)            Turns: 11076, Time: 00:32:18

Health: -8/97      AC: 15    Str: 20    XL:     10   Next: 52%
Magic:  0/18       EV:  6    Int: 16    God:    Xom [.*....]
Gold:   315        SH:  7    Dex:  5    Spells: 9/9 levels left

rFire    + . .     SeeInvis .   y - +5 mace of the Nexus {protect, +Inv MP+9 Int+7 Dex-5}
rCold    + . .     Gourm    .   M - +0 shield
rNeg     + . .     Faith    .   n - +1 plate armour
rPois    +         Spirit   +   (helmet restricted)
rElec    .         Reflect  .   o - scarf {Spirit}
rCorr    .         Harm     .   (no gloves)
MR       .....                  s - +0 pair of boots
Stlth    ..........             w - amulet of magic regeneration
HPRegen  0.26/turn              H - ring of positive energy
MPRegen  0.41/turn              G - ring of protection from fire

@: no status effects
A: retaliatory headbutt, horns 2, repulsion field 1, cold resistance 1, poison
resistance
a: Renounce Religion, Evoke Invisibility


You were on level 10 of the Dungeon.
You worshipped Xom.
You were a plaything of Xom.
You were not hungry.

You visited 1 branch of the dungeon, and saw 10 of its levels.
You also visited: Sewer.

You collected 516 gold pieces.
You spent 201 gold pieces at shops.


Innate Abilities, Weirdness & Mutations

You reflexively headbutt those who attack you in melee.
You have a pair of horns on your head.
You are surrounded by a mild repulsion field. (EV +2)
Your flesh is cold resistant. (rC+)
Your system is resistant to poisons. (rPois)


   Skills:
 + Level 11.7 Fighting
 + Level 11.7 Axes
 + Level 7.4 Armour
 + Level 6.4 Dodging
 + Level 1.3 Shields
 + Level 0.9 Evocations


You had 9 spell levels left.
You didn't know any spells.
Your spell library was empty.

Inventory:

Hand Weapons
 a - a +0 short sword of venom
 b - a +0 blowgun
 j - a +2 trident of protection
 y - the +5 mace of the Nexus (weapon) {protect, +Inv MP+9 Int+7 Dex-5}
   (You found it on level 8 of the Dungeon)

   It protects the one who uses it against injury (+AC on strike).
   It affects your intelligence (+7).
   It affects your dexterity (-5).
   It affects your magic capacity (+9).
   It lets you turn invisible.
 K - a +0 war axe
Missiles
 p - 58 poisoned needles
 A - 8 tomahawks (quivered)
 N - 4 curare-tipped needles
Armour
 n - a +1 plate armour (worn)
 o - a scarf of spirit shield (worn)
 s - a +0 pair of boots (worn)
 v - +0 acid dragon scales
 M - a +0 shield (worn)
Jewellery
 w - an amulet of magic regeneration (around neck)
 B - an uncursed ring of flight
 F - an uncursed ring of fire
 G - a ring of protection from fire (right hand)
 H - a ring of positive energy (left hand)
 O - an uncursed ring of protection from fire
Wands
 x - a wand of acid (6)
 z - a wand of paralysis (5)
 C - a wand of digging (11)
 E - a wand of disintegration (11)
Scrolls
 d - 3 scrolls of magic mapping
 h - 9 scrolls of remove curse
 k - 4 scrolls of enchant armour
 l - a scroll of blinking
 t - 2 scrolls of fear
 u - a scroll of amnesia
 D - a scroll of enchant weapon
 I - 2 scrolls of fog
Potions
 e - 3 potions of resistance
 f - 3 potions of lignification
 g - 7 potions of flight
 m - a potion of mutation
 q - a potion of magic {unknown}
 r - 7 potions of curing
 J - a potion of invisibility {unknown}
 L - a potion of agility {unknown}
Comestibles
 c - 7 rations


Message History

You take 14 damage, and have 18/97 hp.
You now have 5/18 mp.
Okay, then.
Okay, then.
Okay, then.
As you read the scroll of fear, it crumbles to dust.
You assume a fearsome visage.
Urug resists with some effort.
The deep elf knight resists with almost no effort.
The deep elf knight unwields an uncursed longbow.
The deep elf knight wields an uncursed long sword.
The deep elf knight hits something but does no damage.
Urug bites you!!
You take 14 damage, and have 4/97 hp.
You now have 1/18 mp.
You feel better.
The deep elf knight hits something with an uncursed long sword.
Urug bites you but does no damage.
You regained 9 hp, and now have 13/97 hp.
The deep elf knight hits something with an uncursed long sword!
Urug bites you from afar!!
You die...
Xom snickers!

......# .........###......
#)#.### ........((........
#.#.###########......##...#......
#.#.#...#........... #.#t#o.....
#.#.#..........5.# #..#.##..###
#...#.......).e..# #.##........
....#.........t### .. #........
#...#....###...(#####.###.§..§...
#........# ##...@.........§§§§§._
#...##...# #.#..###..#...§§§§§..
#.....÷.## ##.##(.....######§§§..
#...#.!## #..##..#..# ###§§§§#..
#...#...## #.#...##.## #..§§###..
#...#....# #...#.#..####...####..
.........###.###.#.#.........##..
.........[...###...#........Z##..
.........†..)..............)<.#).


You could see Urug the snapping turtle and a deep elf knight.

Vanquished Creatures
  A wizard (D:10)
  The ghost of Uberwunderbarhen the Ruffian, a novice TrMo of Qazlal (D:7)
  Joseph (D:7)
  A hornet (D:10)
  Prince Ribbit (D:9)
  A hippogriff (D:7)
  A hungry ghost (D:8)
  A naga (D:7)
  An acid dragon (D:10)
  A water moccasin (D:7)
  An orc warrior (D:8)
  A sky beast (D:8)
  A phantom (D:8)
  8 ogres
  2 centaurs
  6 bullfrogs
  2 big kobolds
  2 scorpions
  8 killer bees
  5 wights (D:10)
  A howler monkey (D:5)
  4 crimson imps
  4 hounds
  3 bullfrog zombies
  3 centaur skeletons
  2 orc priests
  A jelly (D:6)
  An orc wizard (D:8)
  2 bullfrog skeletons
  2 iguanas
  3 worker ants
  2 hound zombies
  A hound skeleton (D:9)
  2 howler monkey zombies
  A worker ant zombie (D:9)
  A howler monkey skeleton (D:10)
  14 adders
  7 river rats
  3 shadow imps
  A white imp (D:6)
  A worm (D:4)
  10 leopard geckos
  22 orcs
  5 ball pythons
  10 giant cockroaches
  8 goblins
  9 hobgoblins
  8 jackals
  A kobold (shapeshifter) (D:3)
  23 kobolds
  6 quokkas
  8 bats
  7 frilled lizards
  29 rats
251 creatures vanquished.

Vanquished Creatures (collateral kills)
  An orc knight (D:10)
1 creature vanquished.

Vanquished Creatures (others)
  6 plants (D:4)
6 creatures vanquished.

Grand Total: 258 creatures vanquished

Notes
Turn   | Place    | Note
-------+----------+-------------------------------------------
     0 | D:1      | Nib the Minotaur Chaos Knight began the quest for the Orb.
     0 | D:1      | Reached XP level 1. HP: 19/19 MP: 0/0
    31 | D:1      | XOM: silly message
   130 | D:1      | XOM: divination: magic mapping
   321 | D:1      | Reached XP level 2. HP: 22/27 MP: 1/1
   458 | D:1      | XOM: butterfly on damage
   537 | D:1      | Reached XP level 3. HP: 30/34 MP: 2/2
   637 | D:1      | XOM: cloud trail
   870 | D:2      | XOM: mild Ice miscast
   900 | D:2      | XOM: harmless Ice miscast
  1326 | D:2      | XOM: harmless Necr miscast
  1507 | D:2      | Found a white marble altar of Elyvilon.
  1594 | D:3      | XOM: cast spell 'Statue Form'
  1601 | D:3      | Reached XP level 4. HP: 41/41 MP: 3/3
  1602 | D:3      | XOM: noise
  1622 | D:3      | Found a faded altar of an unknown god.
  1962 | D:3      | XOM: cloud trail
  2222 | D:3      | XOM: silly message
  2364 | D:4      | Noticed an ogre
  2367 | D:4      | Reached XP level 5. HP: 48/48 MP: 4/4
  2369 | D:4      | XOM: potion effect (haste)
  2370 | D:4      | XOM: butterfly on damage
  2372 | D:4      | Killed an ogre
  2372 | D:4      | Reached skill level 6 in Fighting
  2372 | D:4      | Reached skill level 6 in Axes
  2620 | D:4      | Reached XP level 6. HP: 51/57 MP: 5/5
  2634 | D:4      | Found a shadowy altar of Dithmenos.
  2702 | D:4      | XOM: enchant monster (good)
  2858 | D:4      | Found Vysup's Gadget Boutique.
  2859 | D:4      | XOM: harmless Erth miscast
  2911 | D:4      | XOM: give mutations
  2911 | D:4      | Gained mutation: You are surrounded by a mild repulsion field. (EV +2) [Xom's grace]
  2911 | D:4      | Gained mutation: You have a pair of large horns on your head. [Xom's grace]
  2940 | D:4      | Found a hide-covered altar of Uskayaw.
  2964 | D:4      | XOM: enchant monster (good)
  3347 | D:5      | Entered Level 5 of the Dungeon
  3449 | D:5      | dstrtn: hi
  3461 | D:5      | Nib: elloo
  3496 | D:5      | Reached XP level 7. HP: 66/66 MP: 6/6
  3497 | D:5      | dstrtn: what happened in the game in which you died in zot:5?
  3498 | D:5      | Found a shattered altar of Ashenzari.
  3499 | D:5      | dstrtn: was it because of xom?
  3499 | D:5      | Nib: was to easy
  3499 | D:5      | Nib: overconfident
  3499 | D:5      | dstrtn: lost concentration?
  3499 | D:5      | Nib: but it wasn't fun
  3499 | D:5      | dstrtn: why?
  3499 | D:5      | Nib: riposte exec axe of vamp
  3499 | D:5      | Nib: and loads other stuff
  3499 | D:5      | Nib: it was too much :p
  3499 | D:5      | dstrtn: maybe you shouldn't have grinded so much
  3499 | D:5      | dstrtn: elf scumming
  3499 | D:5      | dstrtn: crypt scumming
  3809 | D:5      | Found Keaxe's Gadget Boutique.
  3817 | D:5      | dstrtn: too boring and too good items
  3817 | D:5      | Nib: yup
  4029 | D:6      | XOM: silly message
  4182 | D:6      | XOM: god gift: scroll labeled WOTOUBAUTA {god gift}
  4193 | D:6      | Found a shattered altar of Ashenzari.
  4205 | D:6      | Found a radiant altar of Vehumet.
  4255 | D:6      | Found Quggaim's Assorted Antiques.
  4267 | D:6      | Bought a scroll labeled NUFIEN BO WEU for 24 gold pieces
  4267 | D:6      | Bought 3 scrolls labeled NUFIEN BO WEU for 72 gold pieces
  4267 | D:6      | Bought a black potion for 21 gold pieces
  4267 | D:6      | Bought a scroll of magic mapping for 84 gold pieces
  4268 | D:6      | XOM: mild Conj miscast
  4354 | D:6      | XOM: give mutations
  4354 | D:6      | Gained mutation: Your flesh is cold resistant. (rC+) [Xom's mischief]
  4354 | D:6      | Gained mutation: Your body sometimes deteriorates upon taking damage. [Xom's mischief]
  4354 | D:6      | Lost mutation: Your body sometimes deteriorates upon taking damage. [Xom's mischief]
  4354 | D:6      | Gained mutation: Armour fits poorly on your strangely shaped body. [Xom's mischief]
  4421 | D:6      | Found a glowing drain.
  4425 | Sewer    | Entered a sewer
  4471 | Sewer    | XOM: medium Ice miscast
  4608 | Sewer    | XOM: 4-stop teleportation journey
  4726 | Sewer    | XOM: noise
  5114 | D:6      | XOM: draining
  5201 | D:6      | XOM: enchant monster (bad)
  5467 | D:7      | Noticed a hippogriff
  5475 | D:7      | Killed a hippogriff
  5475 | D:7      | Reached XP level 8. HP: 73/77 MP: 7/7
  5569 | D:7      | Noticed Uberwunderbarhen's ghost (novice TrMo)
  5575 | D:7      | XOM: summons 3 hostile shadow creatures
  5576 | D:7      | Reached skill level 9 in Fighting
  5576 | D:7      | Reached skill level 9 in Axes
  5589 | D:7      | HP: 19/78 [something (3)]
  5596 | D:7      | HP: 17/78 [poisoned by a killer bee]
  5603 | D:7      | HP: 17/78 [poisoned by a killer bee]
  5611 | D:7      | HP: 17/78 [poisoned by a killer bee]
  6604 | D:7      | Reached skill level 3 in Armour
  6756 | D:7      | XOM: cleaving
  6807 | D:7      | Noticed Joseph
  6822 | D:7      | XOM: god gift: robe {god gift}
  6824 | D:7      | HP: 15/79 [Joseph/uncursed quarterstaff (14)]
  6829 | D:7      | Killed Joseph
  6829 | D:7      | Reached skill level 3 in Dodging
  6829 | D:7      | Reached XP level 9. HP: 35/85 MP: 8/8
  6885 | D:7      | Found Cojurchu's Food Boutique.
  6907 | D:7      | HP: 8/85 [centaur/arrow (16)]
  6908 | D:7      | HP: 3/85 [centaur (5)]
  6909 | D:7      | HP: 1/85 [centaur (2)]
  7180 | D:7      | HP: 16/85 [Uberwunderbarhen's ghost (11)]
  7189 | D:7      | Killed Uberwunderbarhen's ghost
  7440 | D:7      | Found a staircase to the Ecumenical Temple.
  7489 | D:7      | XOM: summons 2 hostile demons
  7615 | D:7      | XOM: polymorph orc warrior -> naga
  7622 | D:7      | XOM: give mutations
  7622 | D:7      | Lost mutation: You have a pair of large horns on your head. [Xom's mischief]
  7622 | D:7      | Gained mutation: You have a pair of large horns on your head. [Xom's mischief]
  7622 | D:7      | Gained mutation: Your system is resistant to poisons. (rPois) [Xom's mischief]
  7622 | D:7      | Lost mutation: You have a pair of large horns on your head. [Xom's mischief]
  7713 | D:7      | XOM: mild Pois miscast
  8504 | D:8      | Found a staircase to the Lair.
  8531 | D:8      | XOM: potion effect (invisibility)
  8548 | D:8      | Got a fine mace
  8549 | D:8      | Identified the +5 mace of the Nexus {protect, +Inv MP+9 Int+7 Dex-5} (You found it on level 8 of the Dungeon)
  8611 | D:8      | XOM: mild Air miscast
  8768 | D:8      | Reached skill level 6 in Armour
  8893 | D:8      | XOM: confuse monster(s)
  9210 | D:9      | Reached XP level 10. HP: 90/95 MP: 9/9
  9246 | D:9      | Noticed Prince Ribbit
  9256 | D:9      | Killed Prince Ribbit
  9510 | D:9      | Found a sparkling altar of Nemelex Xobeh.
  9812 | D:10     | Entered Level 10 of the Dungeon
  9957 | D:10     | XOM: scenery: create altars
  9975 | D:9      | HP: 16/96 [komodo dragon (13)]
  9986 | D:9      | XOM: medium Summ miscast
  9989 | D:9      | XOM: potion effect (might)
  9993 | D:9      | XOM: enchant monster (bad)
  9996 | D:9      | XOM: god gift: knobbly jewelled staff {god gift}
 10388 | D:10     | Noticed an enchanted triple sword
 10389 | D:10     | Noticed a wizard
 10390 | D:10     | Noticed Urug
 10393 | D:10     | Noticed an orc knight
 10404 | D:10     | Noticed Urug
 10404 | D:10     | Urug changed into Urug the snapping turtle
 10404 | D:10     | XOM: polymorph Urug -> Urug the snapping turtle
 10502 | D:9      | XOM: give mutation
 10502 | D:9      | Lost mutation: Armour fits poorly on your strangely shaped body. [Xom's mischief]
 10700 | D:10     | XOM: potion effect (brilliance)
 10701 | D:10     | Reached skill level 6 in Dodging
 10705 | D:10     | XOM: harmless Pois miscast
 10722 | D:10     | Killed an orc knight
 11043 | D:10     | Killed a wizard
 11043 | D:10     | Reached skill level 1 in Shields
 11057 | D:10     | Noticed a deep elf knight
 11072 | D:10     | XOM: summons friendly shadow imp
 11073 | D:10     | HP: 18/97 [deep elf knight/arrow (15)]
 11074 | D:10     | HP: 4/97 [Urug the snapping turtle (14)]
 11076 | D:10     | Mangled by Urug the snapping turtle

Vault maps used:
D:1:      matt_arrival_diagonals
D:2:      elyvilon_altar_3, first_ration
D:3:      chequers_ecumenical_altar_simple
D:4:      grunt_dithmenos_shadows, eat_drink_and_be_merry_uskayaw, serial_shops,
          shop, minmay_lizard_king
D:5:      serial_shops, shop_statue, cheibrodos_ashenzari_chains
D:6:      amethyst_overflow_temple_binary, gup_sewer_entry_spiral, serial_shops,
          nicolae_shop_behind_doors, grunt_decor_resistance
D:7:      temple_statues, serial_shops, shop_statue, uniq_joseph
D:8:      lair_entry_dummy, minivault_27
D:9:      nemelex_xobeh_ov_fountains_minmay, uniq_prince_ribbit1
D:10:     sword_in_stone
Sewer:    sewer_minmay_treatment

Action                   |  1- 3 |  4- 6 |  7- 9 | 10-12 || total
-------------------------+-------+-------+-------+-------++-------
Melee: Hand axe          |    86 |   137 |   190 |       ||   413
       Headbutt          |    14 |    18 |    73 |    21 ||   126
       Short sword       |       |       |   164 |       ||   164
       War axe           |       |       |    51 |       ||    51
       Mace              |       |       |    47 |   138 ||   185
 Fire: Blowgun           |       |       |     8 |       ||     8
Evoke: Wand              |       |       |     5 |     5 ||    10
  Use: Scroll            |       |     7 |    15 |     4 ||    26
       Potion            |       |       |     8 |     2 ||    10
 Stab: Paralysed         |     5 |     7 |     8 |     9 ||    29
       Sleeping          |       |       |     1 |       ||     1
       Invisible         |       |       |     3 |       ||     3
       Confused          |       |       |     1 |       ||     1
  Eat: Chunk             |     2 |     6 |    11 |     3 ||    22
       Ration            |       |       |     4 |     1 ||     5
Armor: Leather armour    |    33 |     2 |       |       ||    35
       Skin              |     7 |     3 |       |       ||    10
       Plate armour      |       |    62 |   246 |    86 ||   394
Dodge: Dodged            |    47 |    34 |   212 |    78 ||   371
Block: Shield            |       |       |       |     3 ||     3
